 Dungeon Crawl Stone Soup version 0.30.1 (webtiles) character file.

Game seed: 16619432534608602712

62 AIAndy the Shooter (level 4, -17/34 HPs)
             Began as a Barachi Hunter on July 4, 2023.
             Killed by an exploding hobgoblin (37 damage)
             ... ignited by their inner flame
             ... on level 3 of the Dungeon.
             The game lasted 00:05:12 (1651 turns).

AIAndy the Shooter (Barachi Hunter)                 Turns: 1651, Time: 00:05:13

Health: -17/34     AC:  5    Str: 18    XL:     4   Next: 8%
Magic:  0/4        EV: 16    Int: 10    God:
Gold:   104        SH:  0    Dex: 17    Spells: 3/3 levels left

rFire   . . .        a - +0 shortbow
rCold   . . .        (shield currently unavailable)
rNeg    . . .        l - +0 ring mail
rPois   .            (no helmet)
rElec   .            (no cloak)
rCorr   .            (no gloves)
SInv    .            (no boots)
Will    .....        k - amulet of guardian spirit
Stlth   +            i - +5 ring of evasion
HPRegen 0.25/turn    d - +6 ring of strength
MPRegen 0.09/turn

%: guardian spirit
@: slow
A: amphibious, slowness 1, strong legs 1, +LOS
a: Hop


You were on level 3 of the Dungeon.
You visited 1 branch of the dungeon, and saw 3 of its levels.

You collected 104 gold pieces.

Inventory:

Hand Weapons
 a - a +0 shortbow (weapon)
 o - a +1 whip of venom
Armour
 c - a +0 plate armour
 l - a +0 ring mail (worn)
Magical Staves
 e - a staff of earth
Jewellery
 d - a +6 ring of strength (right hand)
 i - a +5 ring of evasion (left hand)
 k - an amulet of guardian spirit (around neck)
 n - a ring of protection from cold
Scrolls
 b - a scroll of immolation
 h - a scroll of butterflies {unknown}
 m - a scroll of vulnerability {unknown}
Potions
 f - 2 potions of magic {unknown}
 g - a potion of cancellation {unknown}
 j - a potion of resistance {unknown}


   Skills:
 - Level 2.4 Fighting
 + Level 5.5 Ranged Weapons
 - Level 2.1 Dodging
 - Level 0.8 Stealth


You had 3 spell levels left.
You didn't know any spells.
Your spell library was empty.

Dungeon Overview and Level Annotations

Branches:
Dungeon (3/15)

Altars:


Innate Abilities, Weirdness & Mutations

You are amphibious.
You cover ground slowly.
You can hop short distances.
You have an extended range of vision and can be seen from far away.


Message History

The arrow hits Robin.
Robin is moderately wounded.
The hobgoblin completely misses you. Robin closely misses you.
Fire: a) +0 shortbow
Press: ? - help, Q - select action, (/) - cycle Shift-Dir - straight line, f/p - Robin
Aim: Robin, wielding a +1 vampiric trident, wearing a +0 animal skin and wearing a +0 helmet (moderately wounded, 70% to hit)
You shoot an arrow. The arrow hits the hobgoblin.
The hobgoblin is severely wounded.
The hobgoblin hits you. Robin closely misses you. The hobgoblin misses you.
Robin throws the goblin at you!
Fire: a) +0 shortbow
Press: ? - help, Q - select action, (/) - cycle Shift-Dir - straight line, f/p - Robin
Aim: Robin, wielding a +1 vampiric trident, wearing a +0 animal skin and wearing a +0 helmet (moderately wounded, 70% to hit)
You shoot an arrow. The arrow barely misses the hobgoblin.
The arrow barely misses Robin.
The arrow barely misses the goblin.
The goblin no longer looks unusually strong.
The hobgoblin completely misses you. The goblin closely misses you.
Robin hits you from afar with a +1 vampiric trident.
Okay, then.
Okay, then.
Okay, then.
Really read the scroll of immolation?
Okay, then.
There are monsters nearby!
Really read the scroll of immolation?
As you read the scroll of immolation, it crumbles to dust.
The creatures around you are filled with an inner flame!
The hobgoblin completely misses you. The goblin closely misses you.
Robin roars a battlecry!
The goblins go into a battle-frenzy!
You hear a shout!
Fire: a) +0 shortbow
Press: ? - help, Q - select action, (/) - cycle Shift-Dir - straight line, f/p - Robin
Aim: Robin, wielding a +1 vampiric trident, wearing a +0 animal skin and wearing a +0 helmet (moderately wounded, inner flame, 70% to hit)
You shoot an arrow. The arrow hits the hobgoblin.
The hobgoblin explodes!
The fiery explosion engulfs Robin!!!
The fiery explosion engulfs you!!!
Ouch! That really hurt!
You die...

.###.......##g
..#....<...##g
...........##g
.###.......##.
.############g####
.##.## #g.gg#
.....# ####)#
.##.## #)# .##.#
#@#
###.############g#
#.##...........#
#....###########
######


You could see a hobgoblin (inner flame, strong) and 2 goblins.

Vanquished Creatures
  Robin (D:3)
  2 adders
  3 ball pythons
  2 bats
  An endoplasm (D:3)
  4 giant cockroaches
  7 goblins
  3 hobgoblins
  4 jackals (D:3)
  2 quokkas (D:1)
  A frilled lizard (D:2)
  9 kobolds
  3 rats
42 creatures vanquished.

Notes
Turn   | Place    | Note
-------+----------+-------------------------------------------
     0 | D:1      | AIAndy the Barachi Hunter began the quest for the Orb.
     0 | D:1      | Reached XP level 1. HP: 17/17 MP: 1/1
   126 | D:1      | Reached XP level 2. HP: 17/23 MP: 2/2
   387 | D:1      | Found a faded altar of an unknown god.
   813 | D:2      | Reached skill level 5 in Ranged Weapons
   813 | D:2      | Reached XP level 3. HP: 19/28 MP: 3/3
  1502 | D:3      | Reached XP level 4. HP: 15/34 MP: 4/4
  1633 | D:3      | Noticed Robin
  1651 | D:3      | Killed Robin
  1651 | D:3      | Killed by an exploding hobgoblin... ignited by their inner
                  | flame

Illustrated notes

Levels and vault maps discovered:
D:1:      spicycebolla_green_bress_n_ham_2, layout_basic,
          hellmonk_ecumenical_altar_blasted, serial_forest,
          infiniplex_forest_lined_3, infiniplex_forest_lined_ring,
          infiniplex_forest_lined_3, infiniplex_forest_straight_3,
          infiniplex_forest_clump_double, infiniplex_forest_end_2,
          infiniplex_forest_lined_2, infiniplex_forest_lined_3,
          infiniplex_forest_clump_curved
D:2:      kb_forest_paths, layout_loops_corners, chequers_serial_rivers_micro_e,
          grunt_ministairs_15
D:3:      layout_loops_cross, mainiacjoe_overflow_alcove_4, marbit_many_paths,
          worldfamousw_hep_ancestral_shrine, uniq_robin, uniq_sigmund

Skill      XL: |  1  2 |
---------------+-------+-----
Ranged Weapons | 5 |  5.5
Fighting       | |  2.4
Dodging        | |  2.1
Stealth        | |  0.8

Action                     |  1- 3 |  4- 6 || total
---------------------------+-------+-------++-------
   Fire: Shortbow          |    97 |    12 ||   109
    Use: Scroll            |       |     1 ||     1
 Armour: Leather armour    |     6 |       ||     6
         Ring mail         |     2 |     4 ||     6
  Dodge: Dodged            |    48 |    18 ||    66
